[Event "New York Spring IM-D 2022"]
[Site "New York"]
[Date "2022.04.15"]
[Round "1.1"]
[White "Savanovic, Aleksandar"]
[Black "Wang, Eigen"]
[Result "0-1"]
[ECO "C11"]
[WhiteElo "2391"]
[BlackElo "2242"]
[Annotator "TA"]
[PlyCount "56"]
[EventDate "2022.04.14"]
[EventType "tourn"]
[EventCountry "USA"]
[SourceTitle "playchess.com"]
[Source "ChessBase"]
[SourceQuality "1"]
[TimeControl "5400+30"]

1. e4 e6 2. d4 d5 3. Nc3 Nf6 4. e5 Nfd7 5. f4 c5 6. Nf3 Nc6 7. Be3 cxd4 8. Nxd4 Bc5 9. Qd2 O-O 10. Be2 Qe7 {[%emt 0:13:13][%cal Od7e5] C11: French: Classical System: 4 e5 and 4 Bg5 dxe4.} 11. O-O f6 12. exf6 Nxf6 {[%emt 0:00:17] [#] White is slightly better.} 13. Kh1 $146 ({Predecessor:} 13. Nxc6 bxc6 14. Bxc5 Qxc5+ 15. Kh1 Qb4 16. a3 Qb8 17. Qd4 Qxb2 18. Bd3 Qb6 19. Qe5 {1-0 (40) Sarana,A (2649)-Holt,C (2549) Chess.com INT 2021}) 13... Bb4 14. Bd3 e5 15. Nxc6 bxc6 16. fxe5 Qxe5 {[%emt 0:02:00] [#]} 17. Bd4 $1 Qh5 18. Bxf6 {[%emt 0:04:50] Bd4 is the strong threat.} Bd6 $1 (18... Rxf6 19. Rxf6 gxf6 20. Nxd5 $1 Qxh2+ 21. Kxh2 $16) 19. g4 Bxg4 {[%emt 0:00:25] And now ...Bf3+ would win. The board is on fire.} 20. Bd4 $2 (20. Qg2 $1 $11 Rxf6 21. Rxf6 gxf6 22. Be2) 20... Rf3 $1 $19 {Threatens to win with ...Rg3.} ({Not} 20... Bf3+ 21. Rxf3 $1 Qxf3+ 22. Qg2 $14) 21. Bg1 $2 (21. Ne4 $19 Bf4 22. Qg2 Bxh2 23. Nf6+ (23. Qxh2 $2 Rh3 $19) 23... gxf6 24. Rxf3 (24. Qxh2 $2 Rh3 $19) 24... Be5+ 25. Rh3 Qxh3+ 26. Qxh3 Bxh3 27. Bxe5 fxe5 28. Kh2) 21... Raf8 (21... Rg3 $142 22. Rf2 Bf3+ 23. Rg2 Rh3 24. Bxh7+ Qxh7 25. Be3 Rxh2+ 26. Kg1 Bxg2 27. Bh6 Rxh6 28. Qxg2 Rg6 29. Qxg6 Qh2+ 30. Kf1 Rf8+ 31. Qf6 Rxf6+ 32. Ke1 Bg3+ 33. Kd1 Rf1#) 22. Rae1 Bg3 23. Bc5 {[%emt 0:04:26] [#]} Bxe1 $40 {[%emt 0:06:09][%mdl 128] Black attacks with force.} (23... R8f4 $1 $19 {has better winning chances. aiming for ...Rxf1+.} 24. Kg1 (24. Rxf3 $2 Bxf3+ 25. Kg1 Bxh2+ 26. Qxh2 Rg4+ 27. Kf1 Qxh2 $19) 24... Bd7) 24. Rxe1 {[%emt 0:01:59][%mdl 8192] [#]} (24. Qxe1 $17 R8f6 25. Rf2) 24... Rxd3 $1 25. cxd3 (25. Qxd3 Bf3+) 25... Bf3+ 26. Kg1 Qg4+ 27. Kf2 Qg2+ 28. Ke3 Qg5+ {[%emt 0:00:28][%mdl 64] Skewer, Deflection.  Weighted Error Value: White=1.15/Black=1.01} 0-1

[Event "New York Spring IM-D 2022"]
[Site "New York"]
[Date "2022.04.15"]
[Round "1.2"]
[White "Csonka, Attila Istvan"]
[Black "Yang, Qindong"]
[Result "1/2-1/2"]
[ECO "B53"]
[WhiteElo "2334"]
[BlackElo "2084"]
[Annotator "TA"]
[PlyCount "86"]
[EventDate "2022.04.14"]
[EventType "tourn"]
[EventCountry "USA"]
[SourceTitle "playchess.com"]
[Source "ChessBase"]
[SourceQuality "1"]
[TimeControl "5400+30"]

1. e4 c5 2. Nf3 d6 3. d4 cxd4 4. Qxd4 Nc6 5. Bb5 Bd7 6. Bxc6 Bxc6 7. Nc3 Nf6 8. Bg5 e6 9. O-O-O Be7 10. Kb1 O-O 11. Rhe1 Qa5 12. Qd2 Qa6 13. Nd4 Rfd8 {[%emt 0:10:57] B53: Sicilian: 2...d6: Lines with Qxd4.} 14. g4 {[%emt 0:04:08] [#]} Rab8 $146 ({Predecessor:} 14... h6 15. Bxf6 Bxf6 16. f4 Qb6 17. Nf3 Qb4 18. Nd4 Rac8 19. Nd5 Qxd4 20. Ne7+ Kf8 21. Qxd4 Bxd4 22. Nxc6 bxc6 23. Rxd4 {0-1 (85) Chia,E-Halay,T (2232) Kuala Lumpur 2002}) 15. Bxf6 Bxf6 16. g5 Bxd4 17. Qxd4 b5 18. f4 Qb6 (18... b4 $5 19. Ne2 Qa5 $11) 19. Ne2 Qc7 (19... b4 $11) 20. Qe3 {[%emt 0:09:11] &Bianco is more active.} b4 21. Nd4 Rbc8 22. Rd2 Ba4 23. Qd3 a5 24. h4 Bd7 25. h5 Qc4 $1 26. Nb3 ({Better is} 26. Qg3 $14) 26... Qxd3 $11 27. Rxd3 Ba4 28. Nd4 Kf8 29. b3 Bd7 30. e5 Bc6 31. f5 (31. g6 $14 hxg6 32. hxg6) 31... dxe5 {[%emt 0:00:35] The position is equal.} 32. Rxe5 exf5 {[%emt 0:00:40] [#] And now ...Be4 would win.} 33. Nxc6 Rxd3 34. cxd3 Rxc6 35. Rxf5 {[%emt 0:00:07][%mdl 4096] Endgame KR-KR} Rc3 36. g6 hxg6 37. hxg6 f6 38. Rd5 Ke7 39. Rxa5 Rxd3 40. Kc2 Rc3+ 41. Kd2 Rg3 42. Ra7+ Kf8 43. Ra8+ Ke7 {[%emt 0:04:15] Weighted Error Value: White=0.11 (very precise) /Black=0.08 (flawless)} 1/2-1/2

[Event "New York Spring IM-D 2022"]
[Site "New York"]
[Date "2022.04.15"]
[Round "1.3"]
[White "Espinosa, Pedro"]
[Black "Adewumi, Tanitoluwa"]
[Result "0-1"]
[ECO "E18"]
[WhiteElo "2012"]
[BlackElo "2190"]
[Annotator "TA"]
[PlyCount "126"]
[EventDate "2022.04.14"]
[EventType "tourn"]
[EventCountry "USA"]
[SourceTitle "playchess.com"]
[Source "ChessBase"]
[SourceQuality "1"]
[TimeControl "5400+30"]

1. d4 Nf6 2. c4 e6 3. Nf3 b6 4. g3 Bb7 5. Bg2 Be7 6. O-O O-O 7. Nc3 Ne4 8. Nxe4 Bxe4 9. Ne1 Bxg2 10. Nxg2 Bf6 {[%emt 0:01:02] E18: Queen's Indian: Old Main Line (4 g3 Bb7 5 Bg2 Be7 6 0-0 0-0 7 Nc3).} 11. e4 d6 12. f4 {[%emt 0:13:14] [#]} Nc6 $146 {[%emt 0:09:43] The position is equal.} ({Predecessor:} 12... c5 13. e5 dxe5 14. fxe5 Bg5 15. d5 Bxc1 16. Rxc1 Nd7 17. Qe2 Qg5 18. Rfe1 Rfe8 19. Rcd1 {½-½ (19) Horvath,M (2336)-Ilyasov,A (2391) ICCF email 2017}) 13. Be3 Rb8 14. d5 Na5 15. Qc2 b5 16. e5 dxe5 17. Bxa7 Nxc4 (17... Rb7 $11 18. Bc5 Be7 19. Bxe7 Qxe7) 18. Bxb8 $16 Qxb8 19. dxe6 Qb6+ 20. Kh1 Qxe6 (20... fxe6 $16 {was worth a try.} 21. b3 exf4) 21. b3 ({White has to play} 21. Rae1 $1 $18) 21... Nd6 $2 (21... exf4 $1 $14 22. bxc4 Bxa1) 22. Qxc7 $18 e4 23. Rad1 Nf5 24. Qd7 Bc3 25. g4 $1 (25. Qxb5 e3 $16) 25... Qxd7 26. Rxd7 Nd4 27. Re7 Ne6 28. f5 Nc5 29. Rc7 Bd4 30. Nf4 g5 31. fxg6 fxg6 32. Kg2 {[%emt 0:00:00] And now Ne2 would win.} Ra8 33. a4 bxa4 34. bxa4 Nxa4 35. Rc4 Bg7 36. Rxe4 Nc5 37. Re7 Bf8 38. Rc7 Rd8 (38... Bd6 $16 {was necessary.} 39. Rc6 Ra2+ 40. Kh1 Bxf4) 39. Rc1 $2 (39. h3 $18) 39... Rd4 $1 $14 40. Rf1 $2 ({Don't play} 40. R1xc5 Bxc5 41. Ne6 Rd2+ 42. Kf3 Bg1 $11) (40. Ne2 $14 Rxg4+ 41. Ng3 (41. Kf3 Rh4 $16)) 40... Rd8 $1 $18 41. h3 Rd2+ 42. Kg1 {[%emt 0:00:58] Black must now prevent Rc8.} Bd6 {[%emt 0:00:54] [#]} 43. Rc8+ Kg7 44. Kh1 $2 (44. Rf2 $18 Rd4 {[#]} 45. Rxc5 $1 Bxf4 46. Kg2) 44... Ne4 $1 $11 {[%emt 0:00:38] Threatens to win with ...Ng3+.} 45. Ne6+ Kh6 46. Rf3 Re2 (46... Ng3+ $11 47. Kg1 Ne2+ 48. Kh1 (48. Kf1 Ng3+ 49. Kg1 Ne2+ 50. Kh1 Ng3+ 51. Kg1 $11) 48... Ng3+ 49. Kg1 Ne2+ 50. Kh1 (50. Kf1 Ng3+ 51. Kg1 $11) 50... Ng3+) 47. Nd4 ({White should try} 47. Rh8 $14) 47... Rh2+ 48. Kg1 {[%emt 0:00:03] aiming for Re3.} Ng5 49. Rc6 Nxf3+ 50. Nxf3 Rxh3 {[%emt 0:00:14][%mdl 4096] Endgame KRB-KRN} 51. g5+ Kh5 52. Kg2 (52. Rxd6 $11 Rxf3 53. Rd7) 52... Rg3+ $15 53. Kf2 Bf4 54. Rf6 $2 ({White should play} 54. Ra6 $15) 54... Kg4 $19 55. Nh2+ (55. Ne1 $142) 55... Kxg5 56. Rf7 Ra3 57. Nf3+ Kg4 {[%emt 0:00:11] ( -> ...Ra2+)} 58. Rxh7 Ra2+ {[%emt 0:00:10] Black mates.} 59. Ke1 Kxf3 60. Kd1 Rd2+ 61. Ke1 Rd8 62. Rf7 Rc8 63. Rd7 Rc1+ $2 {[%emt 0:00:06] Never resign too early!  Weighted Error Value: White=0.68/Black=0.23 (precise)} (63... g5 {mates} 64. Rd3+ Be3 65. Rd6 g4 66. Rd5 g3 67. Rf5+ Bf4 68. Rxf4+ Kxf4 69. Kd2 g2 70. Ke2 g1=Q 71. Kd2 Qe3+ 72. Kd1 Rc1#) 0-1

[Event "New York Spring IM-D 2022"]
[Site "New York"]
[Date "2022.04.15"]
[Round "2.1"]
[White "Wang, Eigen"]
[Black "Jacobson, Aaron"]
[Result "1-0"]
[ECO "A61"]
[WhiteElo "2242"]
[BlackElo "2263"]
[Annotator "TA"]
[PlyCount "73"]
[EventDate "2022.04.14"]
[EventType "tourn"]
[EventCountry "USA"]
[SourceTitle "playchess.com"]
[Source "ChessBase"]
[SourceQuality "1"]
[TimeControl "5400+30"]

1. d4 Nf6 2. c4 e6 3. Nf3 c5 4. d5 d6 5. Nc3 exd5 6. cxd5 g6 7. Bf4 Bg7 8. Qa4+ Bd7 9. Qb3 b5 10. Nxb5 Bxb5 11. Qxb5+ Nbd7 12. Bxd6 Ne4 13. Be5 {[%emt 0:00:00] A61: Modern Benoni: Nf3 without early e4.} O-O 14. Bxg7 Kxg7 15. Qa4 {[%emt 0:00:00] The position is equal.} Rb8 $1 16. Qxe4 Qa5+ $1 17. Nd2 $1 Rxb2 18. Rd1 Rfb8 19. Qf4 {[%emt 0:00:00] aiming for h4.} Nf6 {[%emt 0:42:19] ...R8b4 is the strong threat.} 20. e4 Re8 21. Bd3 {[%emt 0:00:00] Strongly threatening 0-0. White now steadily converts the win.} Nxd5 22. Qg5 Nc3 {[%emt 0:04:23] [#]} 23. O-O $146 {[%emt 0:00:00] Threatens to win with Nc4.} ({Predecessor:} 23. Nc4 Nxe4+ 24. Nxa5 Nxg5+ 25. Kf1 Ne4 26. Nc4 Rxf2+ 27. Kg1 Rxa2 28. Re1 Nf6 29. Rxe8 Nxe8 {1-0 (65) Ivanchuk,V (2480)-Norwood,D (2405) Arnhem 1987}) 23... Nxd1 24. Rxd1 {[%emt 0:00:00] Black must now prevent Nc4.} Rxa2 (24... Qa4 $16 {was called for.} 25. Nb3 Qxa2 26. Nxc5 Rxf2) 25. Nc4 $1 $18 Qc3 (25... Qd8 $142 26. Qe3 Qd4) 26. Nd6 Re5 27. Qf4 {[%emt 0:02:49] The board is on fire.} f6 (27... Re7) 28. Bf1 (28. Qg4 $142 {White threatens Qd7+ and mate.} Re7 29. Nf5+ Kf8 30. Nxe7 Kxe7 31. e5 (31. Qc8 Qxd3 32. Qxc5+ Kf7 $11) 31... Qxe5 32. Qh3) 28... Re7 {[%emt 0:00:27] [#]} (28... Ra1 29. Rxa1 (29. Nb5 Qb2 $16) 29... Qxa1) 29. Qg4 ({Weaker is} 29. Bc4 Ra1 30. Rxa1 Qxa1+ 31. Bf1 Qe5 32. Qxe5 fxe5 $11) (29. Ne8+ $142 $1 Kf7 {[#]} 30. Bc4+ $1 Qxc4 31. Nd6+ Kg7 32. Nxc4) 29... h5 30. Qc8 Qc2 {[%emt 0:00:47] [#]} 31. Qd8 $1 Qxf2+ 32. Kh1 Re5 33. Qc7+ {[%emt 0:02:24] White mates.} Kg8 34. Bc4+ Kh8 35. Qd8+ Kh7 36. Qg8+ Kh6 37. Nf7# {[%emt 0:00:14] Weighted Error Value: White=0.45/Black=0.41} 1-0

[Event "New York Spring IM-D 2022"]
[Site "New York"]
[Date "2022.04.15"]
[Round "2.3"]
[White "Adewumi, Tanitoluwa"]
[Black "Cervantes Landeiro, Thalia"]
[Result "1-0"]
[ECO "C54"]
[WhiteElo "2190"]
[BlackElo "2206"]
[Annotator "TA"]
[PlyCount "63"]
[EventDate "2022.04.14"]
[EventType "tourn"]
[EventCountry "USA"]
[SourceTitle "playchess.com"]
[Source "ChessBase"]
[SourceQuality "1"]
[TimeControl "5400+30"]

1. e4 e5 2. Nf3 Nc6 3. Bc4 Bc5 4. O-O Nf6 5. d3 O-O 6. c3 d6 7. Bg5 h6 8. Bh4 g5 {[%emt 0:01:49] C54: Giuoco Piano: 4 c3 Nf6, main lines with 5 d4 and 5 d3.} 9. Bg3 a5 {[%emt 0:01:22] [#] Prevents b4.} 10. d4 $146 ({Predecessor:} 10. Re1 Re8 11. Nbd2 Ba7 12. Nf1 Be6 13. Bb5 Bd7 14. Ne3 Ne7 15. a4 c6 16. Bc4 {½-½ (42) Aronian,L (2781)-Radjabov,T (2765) chess24.com INT 2021}) 10... exd4 {[%emt 0:04:50] The position is equal.} 11. cxd4 Bb6 12. d5 Ne7 13. Nc3 Bg4 14. h3 Bh5 15. Qd3 Bg6 16. Rae1 Bh7 17. Qd2 Nh5 18. Bh2 Ng6 19. e5 {[%emt 0:00:00] &Bianco is more active.} dxe5 ({Black should play} 19... Nhf4 $14) 20. Nxe5 $16 Bc5 {[%emt 0:01:17] [#]} (20... Nxe5 $16 21. Bxe5 Re8) 21. Ng4 $1 $18 {[%emt 0:00:00] And now Ne4 would win.} Kg7 22. Ne4 Bb4 23. Qd4+ f6 24. Re3 {[%emt 0:00:00] Hoping for d6.} Nhf4 $2 (24... Bd6 25. Nxd6 cxd6) 25. Nexf6 {[%emt 0:00:00] White is clearly winning.} Rxf6 {[%emt 0:13:40] [#]} 26. Re8 $1 c5 (26... Qd6 27. Rxa8) 27. Qxf6+ Qxf6 28. Nxf6 Rxe8 29. Nxe8+ Kf7 30. Nd6+ Kf6 31. a3 Ne5 32. Bxf4 {[%emt 0:00:00] Weighted Error Value: White=0.04 (flawless) /Black=0.61} 1-0

[Event "New York Spring IM-D 2022"]
[Site "New York"]
[Date "2022.04.16"]
[Round "3.4"]
[White "Dans, Dwight"]
[Black "Adewumi, Tanitoluwa"]
[Result "0-1"]
[ECO "A25"]
[WhiteElo "1979"]
[BlackElo "2190"]
[Annotator "TA"]
[PlyCount "56"]
[EventDate "2022.04.14"]
[EventType "tourn"]
[EventCountry "USA"]
[SourceTitle "playchess.com"]
[Source "ChessBase"]
[SourceQuality "1"]
[TimeControl "5400+30"]

1. c4 e5 2. Nc3 Nc6 3. g3 g6 4. Bg2 Bg7 5. e3 d6 6. Nge2 Nf6 7. d4 exd4 {[%emt 0:00:11] A25: English Opening vs King's Indian with ...Nc6 but without early d3.} 8. exd4 Bf5 9. h3 h5 {[%emt 0:01:00] The position is equal.} 10. Be3 $1 O-O 11. O-O Qd7 12. Kh2 {[%emt 0:01:16] [#]} Rfe8 $146 ({Predecessor:} 12... Rae8 13. Qd2 Ne4 14. Nxe4 Bxe4 15. f3 Bf5 16. Nc3 Rxe3 17. Qxe3 Nxd4 18. Rad1 c5 {1-0 (27) Loew,G (2286)-Budai,Z Bad Wiessee 2001}) 13. Qd2 Ne4 {[%emt 0:01:57] [#]} (13... Nb4 $11 {remains equal.}) 14. Nxe4 (14. Bxe4 $1 $16 Bxe4 15. f3) 14... Bxe4 $11 15. Bxe4 Rxe4 16. Kg2 Ree8 17. Qc2 d5 18. c5 h4 {[%emt 0:01:25] White must now prevent ...hxg3.} 19. g4 Re6 20. Rad1 Rae8 21. Ng1 {[%emt 0:05:39] [#]} (21. Nc3 $11 {keeps the balance.}) 21... Re4 $1 $17 22. Rd3 $2 {[%emt 0:04:58] White does not recover from this.} (22. Qc3 $17 {was called for.}) 22... Nb4 $19 ({Don't go for} 22... Bxd4 $2 23. Qd2 Bxe3 24. fxe3 $19) ({Inferior is} 22... Nxd4 23. Bxd4 Rxd4 24. Rxd4 Bxd4 25. Nf3 $17) 23. Qd1 Nxd3 24. Qxd3 c6 25. Ne2 f5 26. g5 (26. Nc3 fxg4 27. Nxe4 gxh3+ 28. Kh1 Rxe4 29. f3) 26... f4 {[%emt 0:00:00] Black is clearly winning.} 27. Nxf4 Qf5 28. Qd2 {[%emt 0:00:00] [#]} Bxd4 $1 {[%emt 0:00:00][%mdl 512] Weighted Error Value: White=0.54/Black=0.21 (precise)} 0-1

[Event "New York Spring IM-D 2022"]
[Site "New York"]
[Date "2022.04.15"]
[Round "3.5"]
[White "Jacobson, Aaron"]
[Black "Paragua, Mark"]
[Result "1/2-1/2"]
[ECO "B47"]
[WhiteElo "2263"]
[BlackElo "2456"]
[Annotator "TA"]
[PlyCount "50"]
[EventDate "2022.04.14"]
[EventType "tourn"]
[EventCountry "USA"]
[SourceTitle "playchess.com"]
[Source "ChessBase"]
[SourceQuality "1"]
[TimeControl "5400+30"]

1. e4 c5 2. Nf3 e6 3. d4 cxd4 4. Nxd4 Nc6 5. Nc3 Qc7 6. g3 a6 7. Bg2 Nf6 8. O-O Nxd4 9. Qxd4 Bc5 10. Bf4 d6 11. Qd2 h6 12. Rad1 e5 13. Be3 Ke7 {[%emt 0:00:55] [#]} 14. Na4 $146 {[%emt 0:03:43] B47: Sicilian: Taimanov: 5 Nc3 Qc7 6 f4, 6 g3 and 6 Be2.} (14. f4 $14 Be6 15. fxe5 dxe5 16. Nd5+ (16. Bxc5+ Qxc5+ 17. Kh1 Rhd8 $14) 16... Bxd5 17. exd5) ({Predecessor:} 14. Bxc5 Qxc5 15. Na4 Qc7 16. f4 Rd8 17. fxe5 dxe5 18. Qb4+ Ke8 19. Nb6 Rxd1 20. Rxd1 Rb8 21. Nd5 Nxd5 22. exd5 b5 {½-½ (31) Vaibhav,S (2591)-Aravindh,C (2630) Moscow 2020}) 14... Bxe3 $11 15. Qxe3 b5 16. Nb6 {[%emt 0:01:21] The position is equal.} Rb8 17. Nxc8+ Rhxc8 18. Rd2 Qc5 19. Qf3 b4 20. Rfd1 Rb6 21. Bf1 Qa5 22. Ra1 b3 23. c3 bxa2 24. Bd3 Qa4 25. Qe2 (25. Qe3 $5 Rcc6 26. b4 $15) 25... a5 {[%emt 0:00:00] Weighted Error Value: White=0.06 (flawless) /Black=0.01 (flawless)} 1/2-1/2

[Event "New York Spring IM-D 2022"]
[Site "New York"]
[Date "2022.04.16"]
[Round "4.1"]
[White "Wang, Eigen"]
[Black "Paragua, Mark"]
[Result "0-1"]
[ECO "A61"]
[WhiteElo "2242"]
[BlackElo "2456"]
[Annotator "TA"]
[PlyCount "78"]
[EventDate "2022.04.14"]
[EventType "tourn"]
[EventCountry "USA"]
[SourceTitle "playchess.com"]
[Source "ChessBase"]
[SourceQuality "1"]
[TimeControl "5400+30"]

1. d4 Nf6 2. c4 e6 3. Nf3 c5 4. d5 d6 5. Nc3 exd5 6. cxd5 g6 7. Bf4 Bg7 $1 {[%emt 0:01:51][%mdl 4] is currently scoring better than 7...a6.} 8. e3 {[%emt 0:00:47] A61: Modern Benoni: Nf3 without early e4.} O-O 9. Be2 Na6 10. O-O {[%emt 0:01:07] The position is equal.} Nc7 11. a4 Re8 {[%emt 0:02:04] [#]} 12. Ra3 $146 ({Predecessor:} 12. h3 Bf5 13. Qb3 Ne4 14. Rfd1 Rb8 15. Nd2 Nxd2 16. Rxd2 g5 17. Bg3 Bg6 18. Bd3 {1-0 (80) Botez,A (2033)-Stoyanov,V (2238) Reykjavik 2019}) 12... b6 13. Bd3 (13. h3 $1 $11) 13... a6 14. e4 Rb8 $1 15. Bb1 (15. Ra1 $15) 15... Bg4 (15... b5 $1 $17 {[%cal Rb5b4] Threatens to win with ...b4.} 16. axb5 axb5) 16. h3 $15 Bxf3 (16... Bh5 {feels hotter.} 17. g4 Nxg4 18. hxg4 Bxg4 19. Kg2 b5) 17. Qxf3 Nh5 18. Bh2 b5 {[%emt 0:03:49] Strongly threatening ...b4.} 19. axb5 axb5 20. Ra7 b4 21. Nd1 Nf6 22. Bd3 c4 23. e5 {[%emt 0:03:22] White is now going downhill.} Nb5 $1 $17 (23... cxd3 $6 24. exf6 Bh8 25. Qxd3 $11) (23... dxe5 $6 24. Bxc4 Nb5 25. Bxb5 Rxb5 26. Ne3 $11) 24. Ra6 {[%emt 0:02:45] [#]} (24. Rxf7 $17 {was necessary.} Kxf7 25. exf6) 24... Nd4 $1 $19 25. Qe3 dxe5 (25... cxd3 26. Qxd4 Nd7 27. Rxd6 $16) 26. Bxc4 Nxd5 27. Qe4 Nb6 {[%emt 0:00:59] Pair of Knights!} 28. Bd3 f5 29. Qe3 Rc8 30. Ra7 e4 31. Ba6 Nc4 32. Qe1 {[%emt 0:03:19] [#]} (32. Bxc4+ {is the only way for White.} Rxc4 33. Bf4) 32... Nd2 $1 33. Kh1 ({Much worse is} 33. Qxd2 {[#]} Nf3+ $1 34. gxf3 Qxd2) ({Not} 33. Rxg7+ $2 Kxg7 34. Kh1 Nxf1 35. Bxc8 Nxh2 36. Qxb4 Ng4 $1 ) 33... Nxf1 {[%emt 0:02:10] Active counter play!} 34. Qxf1 (34. Bxc8 $142 Nxh2 35. Qxb4 Qxc8 36. Rxg7+ Kxg7 37. Qxd4+ Kf7 38. Kxh2) 34... Rc1 {[%emt 0:02:49] Black is clearly winning.} 35. Bf4 e3 36. Bxe3 {[%emt 0:03:17] [#]} Rxe3 $1 37. fxe3 Nc6 38. Bc4+ Kh8 39. Rxg7 Rxd1 {[%emt 0:02:23] Weighted Error Value: White=0.36/Black=0.03 (flawless)} 0-1

[Event "New York Spring IM-D 2022"]
[Site "New York"]
[Date "2022.04.16"]
[Round "4.2"]
[White "Adewumi, Tanitoluwa"]
[Black "Jacobson, Aaron"]
[Result "1-0"]
[ECO "C54"]
[WhiteElo "2190"]
[BlackElo "2263"]
[Annotator "TA"]
[PlyCount "90"]
[EventDate "2022.04.14"]
[EventType "tourn"]
[EventCountry "USA"]
[SourceTitle "playchess.com"]
[Source "ChessBase"]
[SourceQuality "1"]
[TimeControl "5400+30"]

1. e4 e5 2. Nf3 Nc6 3. Bc4 Nf6 4. d3 Bc5 5. O-O d6 6. c3 a6 7. h3 {[%emt 0:03:48] 7.a4 is a critical line. C54: Giuoco Piano: 4 c3 Nf6, main lines with 5 d4 and 5 d3.} Ba7 8. Re1 h6 9. Nbd2 {[%emt 0:10:19] White has an edge.} Na5 {[%emt 0:18:42] [#]} 10. d4 $146 (10. Bd5 $5) ({Predecessor:} 10. a4 Nxc4 11. Nxc4 Be6 12. Ne3 Qd7 13. b4 g5 14. Nh2 O-O-O 15. Qf3 Nh7 16. Nf5 {1-0 (37) Magnusdottir,V (1571)-Jonsson,O (1899) Reykjavik 2015}) 10... Nxc4 11. Nxc4 exd4 12. cxd4 O-O $1 13. Ncd2 Re8 14. b3 d5 15. e5 Ne4 16. Nxe4 dxe4 17. Rxe4 Qd5 18. Re1 ({White should try} 18. Rf4 $14) 18... Bf5 19. Be3 Rad8 20. Qe2 Be4 21. Nh4 Bh7 22. Rad1 g5 {[%emt 0:01:59] White leaves nothing to chance now.} (22... Bb6 $14) 23. Qg4 $16 Qd7 {[%emt 0:02:17] [#]} (23... Kh8 $16 {is a better defense.}) 24. Qg3 $1 $18 {[%emt 0:00:46] Strongly threatening f4.} Kh8 {[%emt 0:00:56] [#]} 25. Nf3 Qe6 $2 (25... c6 26. h4 Bc2) 26. d5 Rxd5 27. Bxa7 b6 28. Rxd5 Qxd5 29. e6 {[%emt 0:00:03] Inhibits Qd7.} Be4 30. Qe5+ Qxe5 31. Nxe5 f5 32. Rc1 ({Don't do} 32. e7 Kg7 33. f3 Bd5 $18) 32... Rxe6 33. Nf7+ Kg8 34. Rxc7 Bd5 35. Kh2 f4 36. Nd8 Rd6 {[%emt 0:01:04] White is clearly winning.} 37. Rc8 {[%emt 0:00:18] Threatens to win with Nb7+.} Kh7 38. Bb8 Rg6 39. Be5 Rg8 40. Rc7+ Kg6 41. Nc6 Kf5 42. Ne7+ Kxe5 43. Nxg8 Bxg8 44. Rc6 h5 45. Rg6 Kd5 {[%emt 0:03:03] Weighted Error Value: White=0.14 (very precise) /Black=0.34} 1-0

[Event "New York Spring IM-D 2022"]
[Site "New York"]
[Date "2022.04.17"]
[Round "5.1"]
[White "Espinosa, Pedro"]
[Black "Wang, Eigen"]
[Result "1-0"]
[ECO "C10"]
[WhiteElo "2012"]
[BlackElo "2242"]
[Annotator "TA"]
[PlyCount "49"]
[EventDate "2022.04.14"]
[EventType "tourn"]
[EventCountry "USA"]
[SourceTitle "playchess.com"]
[Source "ChessBase"]
[SourceQuality "1"]
[TimeControl "5400+30"]

1. e4 e6 2. d4 d5 3. Nc3 Nf6 4. Bg5 dxe4 5. Nxe4 Nbd7 6. Nf3 h6 7. Nxf6+ Nxf6 8. Bh4 Be7 9. Bd3 O-O 10. Qe2 c5 11. dxc5 Qa5+ 12. c3 Qxc5 13. O-O-O Bd7 {[%emt 0:04:48] C10: French with 3 Nc3: Unusual Black 3rd moves and 3...dxe4.} 14. g4 (14. Ne5 {looks sharper.} Ba4 15. Rde1 a6 16. Kb1) 14... Bc6 15. Rhg1 {[%emt 0:03:42] [#]} g5 $146 {[%emt 0:05:15] Hoping for ...Bxf3. The position is equal.} ({Predecessor:} 15... Nd5 16. Bxe7 Qxe7 17. Bc2 Rac8 18. g5 h5 19. Ne5 g6 20. Bxg6 Nf4 21. Qc2 fxg6 22. Nxg6 Nxg6 23. Qxg6+ {0-1 (37) Karaoglan,D (2230)-Nikitenko,M (2436) Chess.com INT 2020}) 16. Bg3 Nxg4 $2 {[%emt 0:07:14][%mdl 8192] This move loses the game for Black.} (16... Rfd8 $11 {and Black stays safe.}) 17. Nd4 $18 Nf6 18. h4 Ba4 19. Rde1 Rfd8 {[%emt 0:11:57] [#]} 20. hxg5 $1 hxg5 (20... Rxd4 21. gxf6) 21. Be5 Kf8 22. Rh1 {[%emt 0:18:36] White threatens Rh8+ and mate.} Rac8 23. Rh8+ {[%emt 0:03:10] White mates.} Kg7 24. Rh7+ Kg8 {[%emt 0:03:40] [#]} 25. Qh5 $3 {[%emt 0:00:25][%mdl 512] Weighted Error Value: White=0.03 (flawless) /Black=1.36} 1-0